 Dungeon Crawl Stone Soup version 0.17-a0-1572-g7a1422d (webtiles) character file.

4695 George the Carver (level 10, -9/73 HPs)
             Began as a Demonspawn Gladiator on July 25, 2015.
             Was a High Priest of Okawaru.
             Killed by divine providence
             ... invoked by an orc priest
              (14 damage)
             ... on level 9 of the Dungeon.
             The game lasted 00:24:45 (9924 turns).

George the Carver (Demonspawn Gladiator)            Turns: 9924, Time: 00:24:46

Health: -9/73      AC: 16    Str: 25    XL:     10   Next: 21%
Magic:  17/17      EV:  6    Int: 13    God:    Okawaru [*****.]
Gold:   730        SH: 12    Dex: 15    Spells: 0 memorised, 9 levels left

rFire  + . .     SeeInvis .     a - +1 long sword
rCold  . . .     Clarity  .     j - +0 plate armour
rNeg   . . .     SustAt   .     D - +0 shield "Qaumysus" {rF+ Str+3 Int+4 Slay+3} (curse)
rPois  .         Gourm    +     c - +1 helmet
rElec  .         Spirit   .     (no cloak)
rCorr  .         Warding  .     (no gloves)
rMut   .         Stasis   .     N - +0 pair of boots (curse)
MR     .....                    v - amulet of the gourmand
Stlth  ..........               (no ring)
                                I - +4 ring of strength

@: not resistant to hostile enchantments, extremely unstealthy
A: claws 2, large bone plates 1, demonic guardian 2, powered by pain 1
a: Heroism, Finesse, Renounce Religion


You were on level 9 of the Dungeon.
You worshipped Okawaru.
Okawaru was extremely pleased with you.
You were full.

You visited 2 branches of the dungeon, and saw 10 of its levels.
You also visited: Ossuary.

You collected 730 gold pieces.

Inventory:

Hand weapons
 a - a +1 long sword (weapon)
Missiles
 d - 3 throwing nets (quivered)
Armour
 c - a +1 helmet (worn)
 j - a +0 plate armour (worn)
 D - the cursed +0 shield "Qaumysus" (worn) {rF+ Str+3 Int+4 Slay+3}
   (You found it on level 6 of the Dungeon)

   It affects your strength (+3).
   It affects your intelligence (+4).
   It affects your accuracy and damage with ranged weapons and melee attacks
   (+3).
   It protects you from fire.
   It has a curse placed upon it.
 N - a cursed +0 pair of boots (worn)
Jewellery
 g - an uncursed ring of teleportation
 v - an amulet of the gourmand (around neck)
 I - a +4 ring of strength (left claw)
Magical devices
 m - a wand of enslavement (24)
 H - a wand of magic darts (34)
 K - a wand of cold (10)
 M - a wand of magic darts (24)
Scrolls
 r - 4 scrolls of amnesia
 w - 2 scrolls of remove curse
 y - a scroll of enchant weapon
 z - 4 scrolls of teleportation
 E - a scroll of recharging
 O - a scroll of fog
Potions
 h - 2 potions of resistance
 q - a potion of ambrosia
 t - 3 potions of brilliance
 A - a potion of curing
 B - a potion of magic
 F - a potion of mutation {unknown}
 L - 2 potions of might
 P - 2 potions of poison {unknown}
Comestibles
 e - 7 bread rations
 f - 3 beef jerkies
 l - 6 meat rations
 C - a royal jelly
 G - 7 fruits


   Skills:
 + Level 4.4 Fighting
 + Level 10.2 Long Blades
 - Level 1.7 Throwing
 + Level 3.6 Armour
 - Level 3.1 Dodging
 + Level 3.4 Shields
 + Level 9.8 Invocations


You had 9 spell levels left.
You didn't know any spells.

Dungeon Overview and Level Annotations

Branches:
Dungeon (9/15)             Temple (1/1) D:4             Orc (0/4) D:9
   Lair: D:8-11

Altars:
Ashenzari
Cheibriados
Dithmenos
Elyvilon
Fedhas
Gozag
Kikubaaqudgha
Makhleb
Nemelex Xobeh
Okawaru
Qazlal
Ru
Sif Muna
Trog
Vehumet
Xom
Yredelemnul
Zin
The Shining One

Shops:
D:4 (   D:9 =![*

Annotations:
D:5 1 runed door


Innate Abilities, Weirdness & Mutations

You have very sharp fingernails.
You are partially covered in large bone plates (AC +2, SH +2).
A demonic guardian rushes to your aid.
You sometimes gain a little power by taking damage.


Message History

The orc misses your soul eater.
The orc priest miscasts a cantrip.
The deep elf mage mumbles some strange words.
Something hits you but does no damage.
You hit the orc.
The orc is severely wounded.
Your soul eater hits something!
Okawaru accepts your kill.
Reactivating autopickup.
You feel a bit more experienced.
The orc priest looks braver for a moment.
The orc barely misses your soul eater. You block the orc's attack.
You hit the orc.
You kill the orc!
Okawaru accepts your kill.
The orc warrior hits you from afar with a halberd!!
* * * LOW HITPOINT WARNING * * *
The orc priest calls down the wrath of Beogh upon you.
Something smites you!
You die...

#...........................
##....................#.....
####################.#.....
...................# #....#
...........[....#..###....#
................#).#......#
.......%.o.Y...)))...######
..%...).##e.....)).###
........o3@..[.....#
........o[.........#
####################


You could see an orc warrior, an ice beast, a deep elf mage, an orc priest, an
orc and a friendly soul eater.

Vanquished Creatures
  The ghost of urechis the Basher, an experienced OgGl (D:5)
  A hippogriff (D:8)
  A steam dragon (D:9)
  Duvessa (D:4)
  4 ogres
  An ice beast (D:9)
  3 black bears (D:6)
  An orc warrior (D:6)
  A sky beast (D:9)
  2 necrophages (D:9)
  2 phantoms (D:6)
  2 centaurs (D:9)
  A big kobold (D:9)
  2 giant frogs
  3 scorpions
  Dowan (D:4)
  4 killer bees
  A centaur zombie (D:6)
  5 hounds
  2 giant frog zombies
  10 orc wizards
  A quasit (D:5)
  6 orc priests
  An iguana (D:4)
  12 worker ants
  4 big kobold zombies (Ossuary)
  3 mummies
  A hound skeleton (D:5)
  A worker ant zombie (D:6)
  3 gnolls (D:5)
  11 adders
  2 shadow imps
  An ooze (D:3)
  An adder skeleton (D:4)
  2 worms (D:2)
  2 giant geckos (D:4)
  23 orcs
  A ball python (D:1)
  2 bat skeletons
  2 gnoll zombies (Ossuary)
  9 goblins
  10 hobgoblins
  10 jackals
  13 kobolds
  4 quokkas
  A ball python skeleton (D:4)
  12 bats
  7 giant cockroaches
  2 giant newts (D:1)
  4 goblin zombies (Ossuary)
  3 hobgoblin zombies (Ossuary)
  An orc zombie (Ossuary)
  11 rats
215 creatures vanquished.

Vanquished Creatures (collateral kills)
  A two-headed ogre (D:9)
  A troll (D:9)
  A hippogriff (D:9)
  An ice beast (D:9)
  An orc warrior (D:9)
  A giant frog (D:9)
  A scorpion (D:5)
  3 orc wizards (D:9)
  An orc priest (D:8)
  4 worker ants (D:5)
  A shadow imp (D:9)
  5 orcs
  A giant cockroach (D:5)
  3 jackals (D:9)
  A butterfly (D:5)
26 creatures vanquished.

Grand Total: 241 creatures vanquished

Notes
Turn   | Place    | Note
--------------------------------------------------------------
     0 | D:1      | George the Demonspawn Gladiator began the quest for the Orb.
     0 | D:1      | Reached XP level 1. HP: 16/16 MP: 1/1
    89 | D:1      | Reached skill level 3 in Long Blades
   330 | D:1      | Gained mutation: You sometimes gain a little power by taking damage. [demonic ancestry]
   330 | D:1      | Reached XP level 2. HP: 15/22 MP: 2/2
  1163 | D:2      | Gained mutation: You are partially covered in large bone plates (AC +2, SH +2). [demonic ancestry]
  1163 | D:2      | Reached XP level 3. HP: 18/27 MP: 3/3
  1380 | D:2      | Reached skill level 4 in Long Blades
  1614 | D:2      | Found a sacrificial altar of Ru.
  1739 | D:2      | Gained mutation: You have sharp fingernails. [demonic ancestry]
  1739 | D:2      | Reached XP level 4. HP: 33/33 MP: 4/4
  2226 | D:3      | Reached skill level 5 in Long Blades
  2226 | D:3      | Reached XP level 5. HP: 33/38 MP: 5/5
  2257 | D:3      | Found a shadowy altar of Dithmenos.
  2791 | D:3      | Reached skill level 6 in Long Blades
  2985 | D:4      | Found a sand-covered staircase.
  2994 | Ossuary  | Entered an ossuary
  3018 | Ossuary  | Reached XP level 6. HP: 12/44 MP: 6/6
  3723 | D:4      | Reached skill level 7 in Long Blades
  3844 | D:4      | Gained mutation: A weak demonic guardian rushes to your aid. [demonic ancestry]
  3844 | D:4      | Reached XP level 7. HP: 19/50 MP: 7/7
  4170 | D:4      | Found a staircase to the Ecumenical Temple.
  4182 | Temple   | Entered the Ecumenical Temple
  4393 | Temple   | Became a worshipper of Warmaster Okawaru
  4446 | D:4      | Reached skill level 1 in Invocations
  4613 | D:4      | Found Yruev's Antique Weapon Emporium.
  4833 | D:4      | Noticed Dowan
  4835 | D:4      | Noticed Duvessa
  4845 | D:4      | Killed Dowan
  4883 | D:4      | Killed Duvessa
  4883 | D:4      | Acquired Okawaru's first power
  4883 | D:4      | Reached skill level 8 in Long Blades
  5332 | D:5      | Entered Level 5 of the Dungeon
  5474 | D:5      | Found an opulent altar of Gozag.
  5478 | D:5      | Noticed urechis's ghost (experienced OgGl)
  5500 | D:5      | Killed urechis's ghost
  5500 | D:5      | Reached skill level 5 in Invocations
  5500 | D:5      | Gained mutation: A demonic guardian rushes to your aid. [demonic ancestry]
  5500 | D:5      | Reached XP level 8. HP: 14/56 MP: 10/12
  5964 | D:5      | Found a runed door.
  6267 | D:5      | Found a runed door.
  6340 | D:5      | Reached skill level 9 in Long Blades
  6580 | D:6      | Got a twisted shield
  6597 | D:6      | Identified the cursed +0 shield "Qaumysus" {rF+ Str+3 Int+4 Slay+3} (You found it on level 6 of the Dungeon)
  6763 | D:6      | Found a snail-covered altar of Cheibriados.
  6831 | D:6      | Found a bloodstained altar of Trog.
  6985 | D:6      | Reached XP level 9. HP: 55/61 MP: 15/15
  7398 | D:6      | Reached skill level 1 in Shields
  7493 | D:6      | Reached skill level 1 in Armour
  7884 | D:7      | Found a blossoming altar of Fedhas.
  8693 | D:9      | Found Wucrib's Distillery.
  9104 | D:9      | Found Duucs's Jewellery Boutique.
  9182 | D:9      | Reached skill level 10 in Long Blades
  9518 | D:9      | Acquired Okawaru's second power
  9518 | D:9      | Gained mutation: You have very sharp fingernails. [demonic ancestry]
  9518 | D:9      | Reached XP level 10. HP: 50/71 MP: 17/17
  9625 | D:9      | Found Cawyi's Assorted Antiques.
  9858 | D:9      | Found Xecet's Antique Armour Shop.
  9871 | D:9      | Found a staircase to the Orcish Mines.
  9924 | D:9      | Killed from afar by an orc priest

Vault maps used:
D:1:      co_arrival_random_square_maze
D:2:      hangedman_ru_absence, minmay_bisected
D:3:      grunt_dithmenos_smoke_and_mirrors
D:4:      kennysheep_six_static_rooms, minmay_temple_entry_crystal_x,
          first_bread, lightli_ossuary_entry_decrepit_ruins, serial_shops,
          shop_statue, uniq_duvessa
D:5:      lemuel_insect_pit, kennysheep_mini_moat
D:6:      slow_altar_1, trog_ov_bears_minmay
D:7:      fedhas_altar_3
D:9:      erik_orc_1, serial_shops, shop, nicolae_shop_trees,
          nicolae_shop_behind_doors, shop
Temple:   nicolae_temple_figure_eight
Ossuary:  minmay_ossuary_gauntlet

Action                   |  1- 3 |  4- 6 |  7- 9 | 10-12 || total
-------------------------+-------+-------+-------+-------++-------
Melee: Long sword        |   119 |   271 |   527 |    44 ||   961
  Use: Scroll            |     6 |     2 |     9 |       ||    17
       Potion            |       |       |     1 |       ||     1
 Stab: Sleeping          |     1 |       |       |       ||     1
       Distracted        |       |       |     5 |     1 ||     6
  Eat: Chunk             |     2 |    10 |    21 |     4 ||    37
